PUB
STOCKTON 209 @ KINUSO BLUES
04/13/1972
 
TOP OF THE 1ST
Stockton 209 batting - Pitching for Kinuso Blues : RHP Tom Seaver
Pitching: RHP Tom Seaver
Batting: LHB Willie Davis 0-0: Ball
1-0: Foul Ball, location: 2F
1-1: Swinging Strike
1-2: Ground out 4-3 (Groundball, 4, EV 80.0 MPH)
Batting: LHB Toyotomi Matsumoto 0-0: Foul Ball, location: 2F
0-1: SINGLE (Popup, 6D, EV 70.0 MPH)
Batting: RHB Roberto Hernández 0-0: Called Strike
0-1: Ball
1-1: Ball
2-1: Ball
3-1: Base on Balls
Toyotomi Matsumoto to second
Batting: SHB Peter Holt 0-0: Ball
1-0: Called Strike
1-1: 3-RUN HOME RUN (Flyball, 7D, EV 98.1 MPH), Distance : 376 ft
Batting: RHB Sal Bando 0-0: Ball
1-0: Swinging Strike
1-1: Ball
2-1: Ball
3-1: Foul Ball, location: 23F
3-2: Strikes out swinging
Batting: LHB Royce Martin 0-0: Ball
1-0: Ball
2-0: Foul Ball, location: 3F
2-1: Foul Ball, location: 7LSF
2-2: Strikes out swinging
Top of the 1st over - 3 runs, 2 hits, 0 errors, 0 left on base; Stockton 3 - Kinuso 0
BOTTOM OF THE 1ST
Kinuso Blues batting - Pitching for Stockton 209 : RHP Jim Nash
Pitching: RHP Jim Nash
Batting: LHB Von Joshua 0-0: Ground out 5-3 (Groundball, 5, EV 80.0 MPH)
Batting: SHB Ken Henderson 0-0: SINGLE (Line Drive, 78S, EV 91.9 MPH)
Batting: LHB John Heller 0-0: Called Strike
0-1: Ball
1-1: Fly out, F8 (Flyball, 8RM, EV 93.8 MPH)
Batting: RHB Thurman Munson 0-0: Ground out 4-3 (Groundball, 4, EV 108.1 MPH)
Bottom of the 1st over - 0 runs, 1 hit, 0 errors, 1 left on base; Stockton 3 - Kinuso 0
TOP OF THE 2ND
Stockton 209 batting - Pitching for Kinuso Blues : RHP Tom Seaver
Batting: RHB Tom Baird 0-0: Ball
1-0: Called Strike
1-1: Ball
2-1: Foul Ball, location: 2F
2-2: Fly out, F9 (Line Drive, 89M, EV 100.0 MPH)
Batting: RHB Cam Carreon 0-0: Called Strike
0-1: Foul Ball, location: 5FF
0-2: Foul Ball, location: 9LSF
0-2: Foul Ball, location: 2F
0-2: Ball
1-2: Strikes out looking
Batting: RHB Jim Nash 0-0: Ground out 4-3 (Groundball, 4D, EV 97.5 MPH)
Top of the 2nd over - 0 runs, 0 hits, 0 errors, 0 left on base; Stockton 3 - Kinuso 0
BOTTOM OF THE 2ND
Kinuso Blues batting - Pitching for Stockton 209 : RHP Jim Nash
Batting: RHB Bob Jenkins 0-0: Foul Ball, location: 2F
0-1: Ball
1-1: Foul Ball, location: 9LSF
1-2: Ball
2-2: Foul Ball, location: 5FF
2-2: Foul Ball, location: 2F
2-2: SOLO HOME RUN (Flyball, 78XD, EV 106.3 MPH), Distance : 405 ft
Batting: LHB Robby Burgess 0-0: Ball
1-0: Called Strike
1-1: Ball
2-1: Foul Ball, location: 2F
2-2: Ball
3-2: Ground out 5-3 (Groundball, 5, EV 102.5 MPH)
Batting: RHB César Muñóz 0-0: Fly out, F6 (Flyball, 56D, EV 99.4 MPH)
Batting: RHB Steve Powell 0-0: Swinging Strike
0-1: Ball
1-1: Ball
2-1: Ground out 6-3 (Groundball, 6M, EV 80.6 MPH)
Bottom of the 2nd over - 1 run, 1 hit, 0 errors, 0 left on base; Stockton 3 - Kinuso 1
TOP OF THE 3RD
Stockton 209 batting - Pitching for Kinuso Blues : RHP Tom Seaver
Batting: LHB Willie Davis 0-0: Ground out 4-3 (Groundball, 4S, EV 78.8 MPH)
Batting: LHB Toyotomi Matsumoto 0-0: Ground out 1-3 (Groundball, 13S, EV 76.3 MPH)
Batting: RHB Roberto Hernández 0-0: Called Strike
0-1: Ball
1-1: Foul Ball, location: 2F
1-2: Strikes out looking
Top of the 3rd over - 0 runs, 0 hits, 0 errors, 0 left on base; Stockton 3 - Kinuso 1
BOTTOM OF THE 3RD
Kinuso Blues batting - Pitching for Stockton 209 : RHP Jim Nash
Batting: RHB Tom Seaver 0-0: Ground out 6-3 (Groundball, 6S, EV 83.8 MPH)
Batting: LHB Von Joshua 0-0: Fly out, F8 (Flyball, 8RD, EV 108.8 MPH)
Batting: SHB Ken Henderson 0-0: Ball
1-0: Foul Ball, location: 3DF
1-1: Ground out 6-3 (Groundball, 6, EV 106.3 MPH)
Bottom of the 3rd over - 0 runs, 0 hits, 0 errors, 0 left on base; Stockton 3 - Kinuso 1
TOP OF THE 4TH
Stockton 209 batting - Pitching for Kinuso Blues : RHP Tom Seaver
Batting: SHB Peter Holt 0-0: DOUBLE (Line Drive, 5D, EV 93.8 MPH)
Batting: RHB Sal Bando 0-0: Ball
1-0: Ball
2-0: Foul Ball, location: 25FF
2-1: Foul Ball, location: 2F
2-2: Ball
3-2: Ground out 4-3 (Groundball, 4, EV 88.8 MPH)
Peter Holt to third
Batting: LHB Royce Martin 0-0: Called Strike
0-1: Foul Ball, location: 2RF
0-2: Foul Ball, location: 2F
0-2: Foul Ball, location: 2F
0-2: Foul Ball, location: 7LDF
0-2: Strikes out looking
Batting: RHB Tom Baird 0-0: Called Strike
0-1: Ball
1-1: Ground out 3-1 (Groundball, 34S, EV 88.1 MPH)
Top of the 4th over - 0 runs, 1 hit, 0 errors, 1 left on base; Stockton 3 - Kinuso 1
BOTTOM OF THE 4TH
Kinuso Blues batting - Pitching for Stockton 209 : RHP Jim Nash
Batting: LHB John Heller 0-0: Called Strike
0-1: SINGLE (Groundball, 4MD, EV 97.5 MPH)
Batting: RHB Thurman Munson 0-0: Foul Ball, location: 2F
0-1: Ball
1-1: Swinging Strike
1-2: Ball
2-2: Strikes out looking
Batting: RHB Bob Jenkins 0-0: Fly out, F7 (Flyball, 7D, EV 89.4 MPH)
Batting: LHB Robby Burgess 0-0: Ball
1-0: Ball
2-0: Swinging Strike
2-1: Ball
3-1: Fielders Choice at 2nd, 6-4 (Groundball, 6, EV 90.6 MPH)
Bottom of the 4th over - 0 runs, 1 hit, 0 errors, 1 left on base; Stockton 3 - Kinuso 1
TOP OF THE 5TH
Stockton 209 batting - Pitching for Kinuso Blues : RHP Tom Seaver
Batting: RHB Cam Carreon 0-0: Ball
1-0: Foul Ball, location: 9LSF
1-1: SINGLE (Groundball, 4, EV 83.1 MPH)
Batting: RHB Jim Nash 0-0: Ball
1-0: Bunted foul
1-1: Sac Bunt to 15 - play at first, batter OUT! 1-3
Cam Carreon to second
Batting: LHB Willie Davis 0-0: Ball
1-0: Ball
2-0: SINGLE (Line Drive, 6D, EV 98.1 MPH)
Cam Carreon to third
Runner from 3rd tries for Home, throw by CF and OUT! 8-2
Batting: LHB Toyotomi Matsumoto 0-0: Called Strike
Willie Davis is caught stealing 2nd base 2-6
Top of the 5th over - 0 runs, 2 hits, 0 errors, 0 left on base; Stockton 3 - Kinuso 1
BOTTOM OF THE 5TH
Kinuso Blues batting - Pitching for Stockton 209 : RHP Jim Nash
Batting: RHB César Muñóz 0-0: Called Strike
0-1: DOUBLE (Line Drive, 9LS, EV 91.9 MPH)
Batting: RHB Steve Powell 0-0: Called Strike
0-1: SINGLE (Groundball, 4D, EV 103.1 MPH)
César Muñóz to third
Batting: RHB Tom Seaver 0-0: Ball
1-0: Sac Bunt to 3S - play at first, batter OUT! 3-4
Steve Powell to second
Batting: LHB Von Joshua 0-0: SINGLE (Line Drive, 78S, EV 96.3 MPH)
César Muñóz scores
Steve Powell to third
Batting: SHB Ken Henderson 0-0: Called Strike
0-1: Ball
1-1: Foul Ball, location: 2F
1-2: Ball
2-2: Foul Ball, location: 3FF
2-2: SINGLE (Line Drive, 7LS, EV 109.4 MPH)
Steve Powell scores
Von Joshua to second
Batting: LHB John Heller 0-0: Foul Ball, location: 2F
0-1: Ball
1-1: Ball
2-1: Ball
3-1: Foul Ball, location: 2F
3-2: Fly out, F4 (Popup, 4M, EV 59.4 MPH)
Batting: RHB Thurman Munson 0-0: Foul Ball, location: 2F
0-1: Foul Ball, location: 7LMF
0-2: Ball
1-2: 3-RUN HOME RUN (Flyball, 7D, EV 99.4 MPH), Distance : 381 ft
Pitching: LHP David Greene
Batting: RHB Bob Jenkins 0-0: Ball
1-0: Called Strike
1-1: Called Strike
1-2: Strikes out swinging
Bottom of the 5th over - 5 runs, 5 hits, 0 errors, 0 left on base; Stockton 3 - Kinuso 6
TOP OF THE 6TH
Stockton 209 batting - Pitching for Kinuso Blues : RHP Tom Seaver
Batting: LHB Toyotomi Matsumoto 0-0: Called Strike
0-1: Ball
1-1: Ball
2-1: Foul Ball, location: 7LSF
2-2: Foul Ball, location: 7LDF
2-2: DOUBLE (Flyball, 78XD, EV 90.6 MPH)
Batting: RHB Roberto Hernández 0-0: Called Strike
0-1: Foul Ball, location: 2F
0-2: Ball
1-2: Ground out 4-3 (Groundball, 4, EV 103.1 MPH)
Toyotomi Matsumoto to third
Batting: SHB Peter Holt 0-0: Ball
1-0: Ball
2-0: Ball
3-0: Called Strike
3-1: DOUBLE (Flyball, 7LD, EV 88.1 MPH)
Toyotomi Matsumoto scores
Batting: RHB Sal Bando 0-0: Called Strike
Peter Holt is caught stealing 3rd base 2-5
0-1: Ball
1-1: Foul Ball, location: 2F
1-2: Foul Ball, location: 9LMF
1-2: Ball
2-2: Ball
3-2: Foul Ball, location: 2F
3-2: SINGLE (Groundball, 6MS, EV 73.1 MPH) (infield hit)
Batting: LHB Royce Martin 0-0: Ground out 4-3 (Groundball, 4MS, EV 85.6 MPH)
Top of the 6th over - 1 run, 3 hits, 0 errors, 1 left on base; Stockton 4 - Kinuso 6
BOTTOM OF THE 6TH
Kinuso Blues batting - Pitching for Stockton 209 : LHP David Greene
Batting: LHB Robby Burgess 0-0: Foul Ball, location: 3FF
0-1: Foul Ball, location: 7LSF
0-2: Ball
1-2: Strikes out looking
Batting: RHB César Muñóz 0-0: Called Strike
0-1: Foul Ball, location: 25F
0-2: Foul Ball, location: 3FF
0-2: Foul Ball, location: 2F
0-2: SINGLE (Groundball, 4MD, EV 100.0 MPH)
Batting: RHB Steve Powell 0-0: Called Strike
0-1: Ball
1-1: Ground out 4-3 (Groundball, 34, EV 84.4 MPH)
César Muñóz to second
Batting: RHB Tom Seaver 0-0: Called Strike
0-1: Ball
1-1: Ball
2-1: Swinging Strike
2-2: Foul Ball, location: 3SF
2-2: Strikes out swinging
Bottom of the 6th over - 0 runs, 1 hit, 0 errors, 1 left on base; Stockton 4 - Kinuso 6
TOP OF THE 7TH
Stockton 209 batting - Pitching for Kinuso Blues : RHP Tom Seaver
Batting: RHB Tom Baird 0-0: Ball
1-0: Called Strike
1-1: Foul Ball, location: 2F
1-2: Ground out 6-3 (Groundball, 6, EV 88.1 MPH)
Batting: RHB Cam Carreon 0-0: Ball
1-0: Swinging Strike
1-1: Ball
2-1: Ground out U3 (Groundball, 34, EV 88.1 MPH)
Pinch Hitting: SHB Reggie Smith 0-0: Ball
1-0: Called Strike
1-1: Ball
2-1: Fly out, F5 (Line Drive, 56, EV 63.1 MPH)
Top of the 7th over - 0 runs, 0 hits, 0 errors, 0 left on base; Stockton 4 - Kinuso 6
BOTTOM OF THE 7TH
Kinuso Blues batting - Pitching for Stockton 209 : LHP David Greene
Pitching: LHP Bill Thomas
Batting: LHB Von Joshua 0-0: Fly out, F6 (Popup, 6, EV 75.6 MPH)
Batting: SHB Ken Henderson 0-0: Called Strike
0-1: Foul Ball, location: 2LF
0-2: Strikes out swinging
Batting: LHB John Heller 0-0: Ball
1-0: Ball
2-0: Ball
3-0: Called Strike
3-1: Called Strike
3-2: Foul Ball, location: 3DF
3-2: SINGLE (Flyball, 6D, EV 91.3 MPH)
Batting: RHB Thurman Munson 0-0: Ball
1-0: Ball
2-0: Foul Ball, location: 25FF
2-1: 2-RUN HOME RUN (Flyball, 89XD, EV 104.4 MPH), Distance : 414 ft
Batting: RHB Bob Jenkins 0-0: SINGLE (Groundball, 4MD, EV 103.1 MPH)
Batting: LHB Robby Burgess 0-0: Ball
1-0: Foul Ball, location: 5SF
1-1: Called Strike
1-2: Foul Ball, location: 2F
1-2: Ball
2-2: Strikes out swinging
Bottom of the 7th over - 2 runs, 3 hits, 0 errors, 1 left on base; Stockton 4 - Kinuso 8
TOP OF THE 8TH
Stockton 209 batting - Pitching for Kinuso Blues : RHP Tom Seaver
Batting: LHB Willie Davis 0-0: Fly out, F8 (Flyball, 8LD, EV 90.6 MPH)
Batting: LHB Toyotomi Matsumoto 0-0: Swinging Strike
0-1: Foul Ball, location: 23F
0-2: Foul Ball, location: 2F
0-2: Fly out, F9 (Flyball, 9LS, EV 73.1 MPH)
Batting: RHB Roberto Hernández 0-0: Called Strike
0-1: Called Strike
0-2: Ball
1-2: Fly out, F8 (Flyball, 8RM, EV 90.6 MPH)
Top of the 8th over - 0 runs, 0 hits, 0 errors, 0 left on base; Stockton 4 - Kinuso 8
BOTTOM OF THE 8TH
Kinuso Blues batting - Pitching for Stockton 209 : LHP Bill Thomas
Batting: RHB César Muñóz 0-0: Ball
1-0: Called Strike
1-1: SINGLE (Groundball, 56D, EV 100.0 MPH) (infield hit)
Pitching: LHP Jorge Martínez
Batting: RHB Steve Powell 0-0: Ball
1-0: Foul Ball, location: 2F
1-1: Ball
2-1: Grounds into double play, 4-6-3 (Groundball, 34, EV 89.4 MPH)
Batting: RHB Tom Seaver 0-0: Called Strike
0-1: Ball
1-1: Ball
2-1: Called Strike
2-2: Foul Ball, location: 5F
2-2: Strikes out looking
Bottom of the 8th over - 0 runs, 1 hit, 0 errors, 0 left on base; Stockton 4 - Kinuso 8
TOP OF THE 9TH
Stockton 209 batting - Pitching for Kinuso Blues : RHP Tom Seaver
Batting: SHB Peter Holt 0-0: Foul Ball, location: 9LSFF
0-1: Ball
1-1: Swinging Strike
1-2: Strikes out swinging passed ball, reaches first!
Batting: RHB Sal Bando 0-0: Ball
1-0: Foul Ball, location: 3F
1-1: Ball
2-1: Swinging Strike
2-2: Ball
3-2: Foul Ball, location: 9LDF
3-2: Base on Balls
Peter Holt to second
Batting: LHB Royce Martin 0-0: Grounds into double play, 6-4-3 (Groundball, 56, EV 81.9 MPH)
Peter Holt to third
Pinch Hitting: LHB Graig Nettles 0-0: Ball
1-0: Swinging Strike
1-1: Ball
2-1: Foul Ball, location: 9LDF
2-2: Ball
3-2: Strikes out swinging
Top of the 9th over - 0 runs, 0 hits, 0 errors, 1 left on base; Stockton 4 - Kinuso 8
Monday, February 26th , 2024 - OOTP Baseball 24.8 Build 75